 Dungeon Crawl Stone Soup version 0.19-a0-1002-g674d22e (webtiles) character file.

25533 mistymad the Fighter (level 13, -15/100 HPs)
             Began as a Formicid Abyssal Knight on July 19, 2016.
             Was the Champion of Lugonu.
             Demolished by an ice devil (21 damage)
             ... on level 13 of the Dungeon.
             The game lasted 00:40:01 (17561 turns).

mistymad the Fighter (Formicid Abyssal Knight)     Turns: 17561, Time: 00:40:02

Health: -15/100    AC: 23    Str: 19    XL:     13   Next: 51%
Magic:  4/16       EV:  7    Int: 13    God:    Lugonu [******]
Gold:   619        SH: 14    Dex: 10    Spells: 0 memorised, 12 levels left

rFire  + . .     SeeInvis +     G - +0 war axe (protect)
rCold  x . .     Gourm    +     J - +0 plate armour
rNeg   . . .     Faith    .     B - +2 shield
rPois  .         Spirit   .     (helmet unavailable)
rElec  .         Dismiss  .     j - +1 cloak
rCorr  .         Reflect  .     (no gloves)
SustAt .         Harm     .     (no boots)
MR     ++...                    i - amulet of the gourmand
Stlth  ..........               (no ring)
                                M - ring of fire

@: very resistant to hostile enchantments, extremely unstealthy
A: permanent stasis, dig shafts and tunnels, four strong arms, antennae 3,
rugged brown scales 1, frail 1, low mp 1, magic resistance 1, weak 1
a: Dig, Shaft Self, Depart the Abyss, Bend Space, Banish, Corrupt, Enter the
Abyss, Brand Weapon With Distortion, Renounce Religion


You were on level 13 of the Dungeon.
You worshipped Lugonu.
Lugonu was exalted by your worship.
You were very full.

You visited 3 branches of the dungeon, and saw 15 of its levels.
You visited the Abyss 1 time.

You collected 619 gold pieces.

Inventory:

Hand Weapons
 s - a +0 battleaxe
 w - a +5 whip of venom
 G - a +0 war axe of protection (weapon)
Missiles
 y - 4 throwing nets (quivered)
Armour
 j - a +1 cloak (worn)
 u - a +3 ring mail of fire resistance
 B - a +2 shield (worn)
 J - a +0 plate armour (worn)
Jewellery
 i - an amulet of the gourmand (around neck)
 M - a ring of fire (left hand)
Wands
 a - a wand of lightning (8/15)
 h - a wand of enslavement (11/24)
 o - a wand of flame (29/48)
 x - a wand of digging (20/24)
 C - a wand of digging (15/24)
 D - a wand of flame (16/48)
 E - a wand of enslavement (10/24)
Scrolls
 e - 2 scrolls of fog
 k - 3 scrolls of identify
 t - 2 scrolls of fear
 z - a scroll of recharging
 F - 2 scrolls of enchant weapon
 H - 2 scrolls of enchant armour
 K - 3 scrolls of remove curse
Potions
 b - a potion of magic
 f - 3 potions of curing
 l - a potion of flight
 p - 4 potions of resistance
 v - a potion of cure mutation
 I - 2 potions of agility
 N - 2 potions of cancellation
 O - 2 potions of brilliance
Miscellaneous
 Q - a phial of floods
 S - a phantom mirror
Comestibles
 c - 11 bread rations
 d - 2 royal jellies
 g - 5 beef jerkies
 m - 6 chunks of flesh
 r - 11 fruits
 A - 3 meat rations
 L - 2 slices of pizza


   Skills:
 + Level 12.0 Fighting
 + Level 11.2 Axes
 + Level 12.0 Armour
 - Level 0.8 Dodging
 + Level 11.1 Shields
 + Level 6.9 Invocations
 + Level 3.7 Evocations


You had 12 spell levels left.
You didn't know any spells.

Dungeon Overview and Level Annotations

Branches:
Dungeon (13/15)            Temple (1/1) D:4            Lair (1/6) D:11
    Orc (0/2) D:10
 Vaults: D:13-14

Altars:
Ashenzari
Cheibriados
Dithmenos
Elyvilon
Fedhas
Gozag
Hepliaklqana
Kikubaaqudgha
Makhleb
Nemelex Xobeh
Okawaru
Pakellas
Qazlal
Ru
Sif Muna
Trog
Uskayaw
Vehumet
Xom
Yredelemnul
Zin
The Shining One

Portals:
Ice
Cave: D:13


Innate Abilities, Weirdness & Mutations

You are under a permanent stasis effect.
You can dig through walls and to a lower floor.
Your four strong arms can wield two-handed weapons with a shield.
You have a pair of large antennae on your head. (SInv)
You are partially covered in rugged brown scales. (AC +1, +3% HP)
You are frail. (-10% HP)
Your magical capacity is low. (-10% MP)
You are resistant to hostile enchantments. (MR+)
You are weak. (Str -2)


Message History

You are too injured to fight recklessly!
You are too injured to fight recklessly!
Okay, then.
Press: ? - help, Shift-Dir - straight line, f - ice devil
Aim: an ice devil (moderately wounded, chance to defeat MR: 37%)
The ice devil is devoured by a tear in reality.
Lugonu claims a new guest.
You now have 12/16 mp.
Press: ? - help, Shift-Dir - straight line, f - ice devil
Aim: an ice devil (translocational energy, chance to defeat MR: 37%)
The ice devil easily resists.
You feel somewhat less full. You block the ice devil's attack.
You now have 8/16 mp.
Press: ? - help, Shift-Dir - straight line, f/p - ice devil
Aim: an ice devil (translocational energy, chance to defeat MR: 37%)
The ice devil easily resists.
You feel somewhat less full. The ice devil hits you.
* * * LOW HITPOINT WARNING * * *
The ice devil freezes you!!
You feel a terrible chill!
You die...

#.....####***##**,,,
#.....>.$,,,,..,,.{.
#......#####*#.#*{..
#..........###.##...
*##..)..............
####..........###.####
#.#)#.........# #.#)##
##)##.........###>.#h#
####@............###(
#4########.........
##.#*****#....#####
##.4∩..####.##****
*.....# #.## *,,,
*.....# ##.# *,,,
*.....# ### *,,,
*##4### *,,, **.#*
*,,,


You could see an ice devil.

Vanquished Creatures
  Kirke (D:12)
  Erolcha (D:9)
  Harold (D:11)
  A centaur warrior (D:13)
  A hydra (D:11)
  Nergalle (D:9)
  3 unseen horrors
  4 hill giants
  4 ugly things
  A manticore (D:9)
  Joseph (D:7)
  A spiny frog (Lair:1)
  A merfolk (D:10)
  4 trolls
  A two-headed ogre (D:10)
  Grinder (D:4)
  3 blink frogs (Lair:1)
  A wraith (D:10)
  3 wyverns (D:12)
  2 hogs (D:12)
  3 yaks (D:9)
  2 hippogriffs
  2 steam dragons
  3 vampire mosquitoes (D:12)
  2 hungry ghosts
  A mottled dragon (D:13)
  Menkaure (D:7)
  A water moccasin (D:9)
  4 porcupines (Lair:1)
  Duvessa (D:4)
  An eye of draining (D:10)
  5 orc warriors
  5 sky beasts
  3 ice beasts
  3 phantoms
  A black bear (D:11)
  A necrophage (D:7)
  A wasp (D:7)
  6 ogres
  4 wolves (Lair:1)
  8 centaurs
  8 giant frogs
  Dowan (D:3)
  5 scorpions
  10 killer bees
  9 wights
  5 crimson imps
  5 human zombies (D:10)
  The ghost of crawlian the Firebug, a weakling DEFE (D:4)
  4 centaur zombies
  3 gnoll shamans
  3 jellies
  7 hounds
  5 centaur skeletons
  A giant frog skeleton (D:10)
  An orc priest (D:8)
  Crazy Yiuf (D:7)
  2 iguanas
  3 orc wizards
  9 worker ants
  Terence (D:3)
  7 sheep (Lair:1)
  2 killer bee zombies
  2 hound skeletons
  2 mummies (D:10)
  2 worker ant zombies
  Robin (D:2)
  15 gnolls
  13 adders
  7 river rats (Lair:1)
  4 shadow imps
  An adder skeleton (D:4)
  2 adder zombies
  5 worms
  3 dart slugs
  5 giant geckos
  32 orcs
  A ball python (D:2)
  7 giant cockroaches
  14 goblins
  17 hobgoblins
  8 jackals
  3 quokkas
  4 bats
  A giant gecko skeleton (D:5)
  3 giant newts (D:4)
  A jackal skeleton (D:4)
  8 kobolds
  5 rats
  A fungus (Lair:1)
354 creatures vanquished.

Vanquished Creatures (others)
  A hill giant (D:13)
  An ugly thing (D:13)
  An ice devil (D:13)
  9 fungi (Lair:1)
  A plant (Lair:1)
13 creatures vanquished.

Grand Total: 367 creatures vanquished

Notes
Turn   | Place    | Note
-------+----------+-------------------------------------------
     0 | Abyss:1  | mistymad the Formicid Abyssal Knight began the quest for the Orb.
     0 | Abyss:1  | Reached XP level 1. HP: 18/18 MP: 2/2
    48 | Abyss:1  | Noticed an apocalypse crab
    57 | D:1      | Escaped the Abyss
   253 | D:1      | Reached XP level 2. HP: 24/24 MP: 3/3
  1047 | D:2      | Reached XP level 3. HP: 29/29 MP: 4/4
  1187 | D:2      | Reached ** piety under Lugonu
  1512 | D:2      | Reached XP level 4. HP: 32/37 MP: 3/5
  1530 | D:2      | Noticed Robin
  1560 | D:2      | Killed Robin
  1691 | D:2      | Found a sparkling altar of Nemelex Xobeh.
  1721 | D:2      | HP: 1/37 [worm (9)]
  2376 | D:2      | Reached XP level 5. HP: 42/42 MP: 6/6
  2631 | D:3      | Reached *** piety under Lugonu
  2643 | D:3      | Noticed Terence
  2652 | D:3      | Killed Terence
  2877 | D:3      | Reached XP level 6. HP: 18/49 MP: 3/7
  3343 | D:4      | Noticed Dowan
  3344 | D:4      | Noticed Duvessa
  3358 | D:4      | Noticed crawlian's ghost (weakling DEFE)
  3359 | D:4      | Noticed a phantom
  3711 | D:3      | Killed a phantom
  3711 | D:3      | Reached skill level 5 in Fighting
  3836 | D:4      | Killed Duvessa
  3836 | D:4      | Reached XP level 7. HP: 22/56 MP: 2/8
  3850 | D:3      | Killed Dowan
  3850 | D:3      | Reached skill level 5 in Armour
  4084 | D:4      | Found a staircase to the Ecumenical Temple.
  4114 | D:4      | Killed crawlian's ghost
  4216 | Temple   | Entered the Ecumenical Temple
  4762 | D:4      | Noticed Grinder
  4789 | D:4      | Killed Grinder
  4789 | D:4      | Reached skill level 5 in Axes
  4789 | D:4      | Reached XP level 8. HP: 31/64 MP: 5/9
  5125 | D:4      | Reached **** piety under Lugonu
  5291 | D:5      | Entered Level 5 of the Dungeon
  5562 | D:5      | Reached skill level 1 in Shields
  6306 | D:6      | Found an iron altar of Okawaru.
  6433 | D:6      | Reached XP level 9. HP: 72/72 MP: 10/10
  6580 | D:6      | Found a sparkling altar of Nemelex Xobeh.
  6580 | D:6      | Found a white marble altar of Elyvilon.
  7194 | D:7      | Gained mutation: Your magical capacity is low. (-10% MP) [mutagenic meat]
  7197 | D:7      | Gained mutation: Scrolls take you a little longer to read. [mutagenic meat]
  7200 | D:7      | Gained mutation: You are frail. (-10% HP) [mutagenic meat]
  7203 | D:7      | Gained mutation: You are partially covered in rugged brown scales. (AC +1, +3% HP) [mutagenic meat]
  7689 | D:7      | Reached ***** piety under Lugonu
  7959 | D:7      | Noticed Joseph
  7980 | D:7      | Killed Joseph
  7980 | D:7      | Reached skill level 5 in Shields
  7980 | D:7      | Reached XP level 10. HP: 66/75 MP: 10/10
  8339 | D:7      | Found a runed door.
  8344 | D:7      | Noticed Crazy Yiuf
  8349 | D:7      | Killed Crazy Yiuf
  8434 | D:7      | Noticed Menkaure
  8455 | D:7      | Killed Menkaure
  9117 | D:9      | Gained mutation: You are resistant to hostile enchantments. (MR+) [mutagenic meat]
  9787 | D:9      | Noticed a manticore
  9801 | D:9      | Killed a manticore
  9801 | D:9      | Reached XP level 11. HP: 37/81 MP: 11/11
 10216 | D:9      | Noticed Erolcha
 10230 | D:9      | Killed Erolcha
 10469 | D:10     | Entered Level 10 of the Dungeon
 10469 | D:10     | Noticed a hill giant
 10501 | D:9      | Killed a hill giant
 10501 | D:9      | Reached skill level 10 in Fighting
 10630 | D:9      | Reached skill level 10 in Armour
 10881 | D:10     | Found a staircase to the Orcish Mines.
 10900 | D:10     | Noticed a hill giant
 11042 | D:9      | Killed a hill giant
 11461 | D:10     | Noticed Nergalle
 11883 | D:11     | Noticed Harold
 11884 | D:11     | Noticed a green ugly thing
 11884 | D:11     | Noticed a white ugly thing
 11884 | D:11     | Noticed an unseen horror
 11945 | D:9      | Killed Nergalle
 12214 | D:10     | Noticed a hill giant
 12228 | D:10     | Killed a hill giant
 12367 | D:10     | Reached XP level 12. HP: 86/91 MP: 12/12
 12407 | D:10     | Found an ancient bone altar of Kikubaaqudgha.
 12416 | D:10     | Reached ****** piety under Lugonu
 12499 | D:10     | Noticed an unseen horror
 12538 | D:10     | Killed an unseen horror
 12538 | D:10     | Reached skill level 10 in Axes
 13222 | D:11     | Killed an unseen horror
 13253 | D:11     | Reached skill level 10 in Shields
 13662 | D:11     | Found a staircase to the Lair.
 13694 | D:11     | Lost mutation: Scrolls take you a little longer to read. [mutagenic meat]
 13697 | D:11     | Gained mutation: You are weak. (Str -2) [mutagenic meat]
 13764 | D:11     | Killed Harold
 14002 | D:11     | Noticed a four-headed hydra
 14016 | D:11     | Killed a five-headed hydra
 14591 | Lair:1   | Entered Level 1 of the Lair of Beasts
 14871 | Lair:1   | Reached skill level 5 in Invocations
 14906 | Lair:1   | Reached skill level 1 in Evocations
 15921 | D:12     | Noticed an unseen horror
 15933 | D:12     | Killed an unseen horror
 15933 | D:12     | Reached XP level 13. HP: 97/98 MP: 15/15
 16532 | D:12     | Noticed Kirke
 16566 | D:12     | Killed Kirke
 17273 | D:13     | Noticed a centaur warrior
 17299 | D:13     | Killed a centaur warrior
 17545 | D:13     | Found a frozen archway.
 17561 | D:13     | Demolished by an ice devil

Vault maps used:
D:1:      sevenhm_arrival_forest_fort_small_6, minmay_stone_trees_medium,
          grunt_decor_one_mirror
D:2:      nemelex_lonely_heart_becter, uniq_robin
D:3:      minivault_23, uniq_terence
D:4:      first_bread, uniq_duvessa, uniq_grinder
D:6:      gammafunk_temple_overflow_elements, basic_altar,
          hangedman_decor_lopped, serial_park_tiny_pond
D:7:      uniq_menkaure, uniq_joseph, uniq_crazy_yiuf_cottage
D:8:      special_room
D:9:      uniq_erolcha
D:10:     orc_0_dummy, serial_park, serial_park_tiny_1, hangedman_fish_farm,
          lemuel_mausoleum_altar_kikubaaqudgha, uniq_nergalle
D:11:     lair_0_dummy, uniq_harold
D:12:     uniq_kirke
D:13:     portal_ice_cave_demonic_guard
Temple:   regret_index_temple_chain_breaker
Lair:1:   st_stairs_4, minmay_hedge_maze, columned_hall_lemuel

Skill      XL: |  1  2  3  4  5  6  7  8  9 10 11 12 13 |
---------------+----------------------------------------+-----
Axes           | 3 4 5 6 7 8 9 10 11 | 11.2
Armour         | 3 4 5 6 8 9 10 11 12 | 12.0
Fighting       | 4 5 6 7 8 9 10 11 12 | 12.0
Shields        | 2 5 7 9 10 11 | 11.1
Invocations    | 5 6 |  6.9
Evocations     | 1 3 |  3.7
Dodging        | |  0.8

Action                   |  1- 3 |  4- 6 |  7- 9 | 10-12 | 13-15 || total
-------------------------+-------+-------+-------+-------+-------++-------
Melee: Hand axe          |   110 |    94 |       |       |       ||   204
       Whip              |       |   135 |   286 |   447 |       ||   868
       War axe           |       |       |   113 |   668 |   244 ||  1025
Invok: Banish            |       |       |       |       |     5 ||     5
 Abil: Dig               |       |     3 |     3 |     6 |     4 ||    16
  Use: Scroll            |       |    13 |     7 |     8 |     2 ||    30
       Potion            |       |     1 |       |     4 |     3 ||     8
  Eat: Chunk             |     2 |     6 |    21 |    44 |    14 ||    87
       Meat ration       |       |       |     1 |       |       ||     1
Armor: Leather armour    |    32 |    13 |       |       |       ||    45
       Scale mail        |       |    28 |       |       |       ||    28
       Chain mail        |       |    41 |   192 |    51 |       ||   284
       Plate armour      |       |       |       |   512 |   147 ||   659
       Skin              |       |       |       |    41 |       ||    41
Dodge: Dodged            |    60 |    87 |    75 |   267 |    60 ||   549
Block: Shield            |       |       |   152 |   729 |   172 ||  1053
